Map: Blueshift LE

Players

Pilot - Winner!

  • Race: Terran Terran
  • Spawn Location: 7:00

A.I. 1 (Very Easy)

  • Race: Protoss Protoss
  • Spawn Location: 1:00

VOD

Have the link to the VOD?

Description

Time

  • Played on: Aug. 19, 2018, 10:07 a.m.
  • Length: 11:19
Show
View Real Time Build Order
Export as new Build Order

Pilot Terran - Winner!

Build Orders: Reaper Expand, MMM Bio 

Get SALT Encoding   

  12  0:02  SCV  
  13  0:14  SCV  
  14  0:17  Supply Depot  
  14  0:26  SCV  
  14  0:27  Refinery  
  15  0:38  SCV  
  16  0:44  Barracks  
  16  0:53  SCV  
  17  1:05  SCV  
  18  1:17  SCV  
  19  1:31  Orbital Command  
  19  1:32  Reaper  
  20  1:43  Command Center  
  20  1:52  Supply Depot  
  20  1:59  SCV  
  21  2:04  Barracks Tech Lab  
  21  2:07  Barracks  
  21  2:13  SCV  
  22  2:24  Concussive Shells  
  22  2:25  Marauder, SCV  
  25  2:35  Barracks  
  25  2:38  SCV  
  26  2:46  Marauder  
  26  2:50  SCV  
  29  2:54  Barracks Reactor  
  30  3:01  Engineering Bay  
  30  3:04  Orbital Command  
  29  3:06  SCV  
  29  3:09  Marine  
  31  3:12  Stimpack  
  31  3:18  SCV  
  32  3:23  Refinery, Barracks Tech Lab  
  32  3:37  Marine x2  
  32  3:38  Marine  
  32  3:39  Terran Infantry Weapons Level 1  
  35  3:42  SCV  
  35  3:47  Marine  
  37  3:48  SCV  
  38  3:57  Supply Depot x2  
  38  3:59  Marine x3, SCV  
  42  4:03  SCV  
  42  4:05  Marine  
  42  4:07  Combat Shields  
  44  4:11  SCV  
  44  4:17  SCV  
  46  4:19  Marine x2  
  46  4:21  Factory  
  46  4:23  SCV  
  49  4:26  Marine  
  49  4:27  Supply Depot, Marine  
  49  4:29  SCV  
  49  4:30  Supply Depot  
  52  4:35  SCV  
  52  4:36  Marine  
  54  4:38  Marine  
  54  4:43  SCV  
  54  4:45  Marauder  
  58  4:53  Marine, SCV  
  58  4:54  Marine  
  58  4:58  SCV  
  62  5:00  Marine  
  62  5:05  Starport, SCV, Factory Reactor  
  62  5:06  Marine  
  65  5:10  SCV  
  65  5:11  Supply Depot, Marine  
  65  5:12  Marine  
  65  5:14  Supply Depot  
  68  5:22  SCV  
  68  5:23  SCV  
  68  5:24  Marauder  
  72  5:34  SCV  
  72  5:35  Marine x2  
  75  5:36  Marauder  
  75  5:37  Terran Infantry Armor Level 1  
  75  5:41  SCV  
  78  5:43  Refinery  
  78  5:44  Refinery  
  78  5:45  Marauder  
  78  5:46  SCV  
  78  5:47  Supply Depot  
  78  5:48  Supply Depot  
  80  6:06  Marine x2  
  80  6:07  Marauder  
  84  6:17  Barracks  
  84  6:21  Medivac x2  
  84  6:22  Factory Reactor  
  88  6:26  Command Center  
  88  6:28  Supply Depot  
  88  6:29  SCV  
  89  6:35  Armory  
  89  6:38  Engineering Bay  
  89  6:48  SCV  
  89  6:50  Marine x3  
  89  6:51  Marauder, Barracks  
  89  6:53  Medivac x2  
  99  7:03  SCV x2  
  99  7:07  Marine  
  99  7:08  Supply Depot, Marauder, Marine  
  105  7:10  Supply Depot  
  105  7:12  Marine  
  106  7:15  SCV  
  107  7:23  Factory Tech Lab  
  107  7:24  Medivac x2  
  107  7:25  Marine x3  
  116  7:30  Marauder  
  116  7:31  Terran Infantry Weapons Level 2  
  116  7:38  Orbital Command  
  116  7:43  SCV x2  
  118  7:45  Marauder  
  120  7:57  Marauder  
  120  7:58  Marauder  
  124  7:59  Factory Reactor  
  124  8:02  Terran Infantry Armor Level 2  
  124  8:03  Marine x2  
  124  8:04  Marine  
  124  8:05  Orbital Command  
  127  8:07  Marauder  
  129  8:15  SCV  
  129  8:16  Supply Depot  
  130  8:24  Marauder x2  
  134  8:31  Marine x2  
  134  8:32  Marauder, Marine x2  
  141  8:34  SCV  
  141  8:40  SCV  
  142  8:42  Supply Depot  
  142  8:43  Supply Depot  
  142  8:45  Marauder, Marine  
  142  8:47  Supply Depot  
  145  8:51  SCV  
  145  8:52  Marine, Ghost Academy  
  145  8:53  Marauder  
  150  8:55  SCV  
  150  8:59  SCV  
  151  9:04  SCV  
  151  9:06  Supply Depot, Marine x2  
  151  9:07  Marauder x2, SCV  
  159  9:15  Liberator  
  159  9:16  Liberator  
  159  9:17  SCV  
  159  9:18  Supply Depot, SCV  
  159  9:21  SCV  
  159  9:23  Supply Depot  
  162  9:26  Marauder, Marine x4  
  162  9:28  Personal Cloaking, Marauder, Marine  
  175  9:37  SCV  
  179  9:38  SCV x2  
  179  9:43  Marine  
  179  9:45  Supply Depot  
  181  9:47  Supply Depot, Marine  
  181  9:48  Marauder, Marine  
  181  9:49  Marauder, SCV  
  181  9:50  Marauder, SCV  
  191  10:00  Fusion Core  
  191  10:02  Marine  
  191  10:03  Marine  
  193  10:10  Marauder x2  
  193  10:11  Marauder  
  199  10:19  Refinery x2  
  199  10:22  Supply Depot  
  199  10:23  Marine  
  200  10:34  Command Center  
  200  10:40  Bunker  
  200  10:51  Missile Turret  
  200  10:54  Missile Turret  
  200  10:58  Missile Turret  
Show
View Real Time Build Order
Export as new Build Order

A.I. 1 (Very Easy) Protoss 

Build Orders:  

Get SALT Encoding   

  12  0:00  Probe  
  13  0:13  Probe  
  14  0:19  Pylon  
  14  0:37  Assimilator  
  14  0:43  Gateway  
  14  0:45  Pylon  
  14  1:14  Assimilator  
  14  1:23  Probe  
  14  1:31  Probe  
  14  1:32  Cybernetics Core  
  15  1:33  Zealot  
  15  1:39  Probe  
  19  1:49  Probe  
  20  2:00  Probe  
  20  2:08  Probe  
  21  2:09  Warp Gate  
  22  2:42  Stalker  
  24  5:57  Stalker  
  24  6:00  Pylon  
  24  6:01  Probe  
  14  6:10  Probe  
Tags
 
Composition
MMM Bio
Matchup
PvT
Spawn Locations
Cross Positions
Add a new tag
Caveats
  • Supply blocks, unpowered buildings, or Contaminate may cause inaccurate times.
  • Supply counts are checked every 10 seconds.